 Dungeon Crawl Stone Soup version 0.30-a0-55-g90e3122c3a (webtiles) character file.

924 AeshMezareph the Chiller (level 8, 57/57 HPs)
             Began as a Merfolk Ice Elementalist on Mar 25, 2017.
             Quit the game on level 4 of the Dungeon on Sept 9, 2022.
             The game lasted 00:40:16 (7946 turns).

AeshMezareph the Chiller (Merfolk Ice Elementalist) Turns: 7946, Time: 00:40:16

Health: 57/57      AC:  2    Str:  8    XL:     8   Next: 10%
Magic:  14/14      EV: 14    Int: 22    God:
Gold:   233        SH:  0    Dex: 15    Spells: 7/15 levels left

rFire   . . .      SeeInvis .    F - +0 trident
rCold   . . .      Faith    .    (no shield)
rNeg    . . .      Spirit   .    a - +0 robe
rPois   .          Reflect  .    (no helmet)
rElec   .          Harm     .    (no cloak)
rCorr   .          Rampage  .    (no gloves)
Will    .....                    (no boots)
Stlth   ++........               w - amulet of rage
HPRegen 0.19/turn                t - +6 ring of intelligence
MPRegen 0.14/turn                (no ring)

@: no status effects
A: (nimble swimmer 2), mertail
a: no special abilities


You were on level 4 of the Dungeon.
You visited 1 branch of the dungeon, and saw 7 of its levels.

You collected 233 gold pieces.

Inventory:

Hand Weapons
 e - a +0 dagger
 o - a +0 whip
 y - a +0 short sword of venom
 C - a +0 spear
 F - a +0 trident (weapon)
Armour
 a - a +0 robe (worn)
Jewellery
 t - a +6 ring of intelligence (left hand)
 w - an amulet of rage (around neck)
 E - a ring of teleportation
Wands
 z - a wand of paralysis (18) (quivered)
Scrolls
 d - 3 scrolls of removedness
 j - a scroll of identify
 k - a scroll of noise {unknown}
 q - a scroll of enchant weapon {unknown}
 u - 2 scrolls of blinking {unknown}
 A - a scroll of fear {unknown}
 D - 2 scrolls of teleportation {unknown}
Potions
 g - 2 potions of flight
 i - a potion of might {unknown}
 m - a potion of lignification {unknown}
 n - a potion of experience {unknown}
 p - a potion of heal wounds
 r - a potion of haste {unknown}
 s - a potion of magic {unknown}
 v - a potion of degeneration {unknown}
 x - a potion of attraction {unknown}
 B - a potion of invisibility {unknown}
Comestibles
 c - 4 removed foods
 f - 2 removed foods
 h - a removed food
 l - 3 removed foods
 G - 6 removed foods


   Skills:
 + Level 2.9 Fighting
 + Level 0.3 Polearms
 + Level 5.1 Dodging
 - Level 3.1 Stealth
 * Level 4.0 Spellcasting
 + Level 2.2 Conjurations
 * Level 2.7 Summonings
 * Level 5.2 Ice Magic


You had 7 spell levels left.
You knew the following spells:

 Your Spells              Type           Power      Damage    Failure   Level
a - Freeze                Ice            100%       1d11      1%          1
b - Ozocubu's Armour      Ice            27%        N/A       3%          3
d - Summon Ice Beast      Ice/Summ       21%        N/A       22%         4

Your spell library contained the following spells:

 Spells                   Type           Power      Damage    Failure   Level
 Frozen Ramparts          Ice            54%        1d9       3%          3
 Hailstorm                Conj/Ice       20%        3d6       24%         4


Dungeon Overview and Level Annotations

Branches:
Dungeon (7/15)
 Temple: D:4-7

Altars:
Trog
Yredelemnul

Annotations:
D:6 Prince Ribbit


Innate Abilities, Weirdness & Mutations

((You are very nimble when in or above water. (Stealth+, EV+, Speed+++)))
Your lower body shifts to a powerful aquatic tail in water.


Message History

Okay, then.
Cast which spell? (? or * to list)
The spell is quite dangerous to miscast (22% risk of failure)!
Continue anyway?
Okay, then.
Casting: Summon Ice Beast (quite dangerous; 22% risk of failure)
Confirm with . or Enter, or press ? or * to list all spells.
Okay, then.
Casting: Summon Ice Beast (quite dangerous; 22% risk of failure)
Confirm with . or Enter, or press ? or * to list all spells.
Okay, then.
Casting: Summon Ice Beast (quite dangerous; 22% risk of failure)
Confirm with . or Enter, or press ? or * to list all spells.
A film of ice covers your body!
Your icy armour will break if you move.
Continue? [Y]es or [N]o only, please.
Your icy armour will break if you move.
Continue?
Okay, then.
You reach to attack!
You closely miss the rat. The rat barely misses you.
You hit the rat.
The rat is severely wounded.
The rat barely misses you.
You closely miss the rat.
The rat is severely wounded.
The rat closely misses you.
You hit the rat.
You kill the rat!
A moth of wrath is nearby!
A moth of wrath is nearby!
A moth of wrath is nearby!
Your icy armour will break if you move.
Continue? [Y]es or [N]o only, please.
Your icy armour will break if you move.
Continue?
Your icy armour cracks and falls away as you move.
You see here a rat corpse.
You see here a rat corpse.
Unknown command.
Saving game... please wait.
Welcome back, AeshMezareph the Merfolk Ice Elementalist.
Press ? for a list of commands and other information.
Are you sure you want to abandon this character and quit the game? (Confirm with "yes".)

#.........#....###....#
..........#...##y##...#.#........
..........#....###....#..........
#.........#...w.......#..........
###......###.........##.)........
######## #.......##...........
####.####............ ##
#†##.............. .##
#@#............... ..##
#................# ...##
##..............#. ....##
#................ .....##
####..........### ......##
####..###.#### .......## #....##
#.# ........## ##...## #.#
..)......# ##...## #.# ###


You could see a moth of wrath and a worm.

Vanquished Creatures
  A sky beast (D:6)
  A black bear (D:6)
  2 ogres (D:4)
  Blork the orc (D:4)
  3 howler monkeys
  A crimson imp (D:6)
  A hound (D:6)
  2 orc priests
  2 orc wizards
  A removed worker ant (D:3)
  7 adders
  An endoplasm (D:3)
  2 worms (D:2)
  13 orcs
  A removed leopard gecko (D:1)
  2 ball pythons
  5 bats
  2 giant cockroaches (D:1)
  10 goblins
  10 hobgoblins
  10 jackals
  2 quokkas
  8 frilled lizards
  A jackal skeleton (D:4)
  7 kobolds
  13 rats
109 creatures vanquished.

Vanquished Creatures (collateral kills)
  A bullfrog zombie (D:5)
  An orc priest (D:5)
2 creatures vanquished.

Grand Total: 111 creatures vanquished

Notes
Turn   | Place    | Note
-------+----------+-------------------------------------------
     0 | D:1      | AeshMezareph the Merfolk Ice Elementalist began the quest
                  | for the Orb.
     0 | D:1      | Reached XP level 1. HP: 13/13 MP: 3/3
   379 | D:1      | Reached XP level 2. HP: 19/19 MP: 0/5
   954 | D:1      | Reached XP level 3. HP: 23/25 MP: 2/6
   993 | D:1      | Learned a level 3 spell: Ozocubu's Armour
   996 | D:1      | Learned a level 2 spell: Throw Frost
  1458 | D:2      | Reached skill level 1 in Fighting
  2732 | D:2      | Reached XP level 4. HP: 19/32 MP: 2/7
  3861 | D:3      | Reached skill level 1 in Conjurations
  3861 | D:3      | Reached XP level 5. HP: 31/38 MP: 3/8
  4222 | D:3      | Reached skill level 1 in Charms
  4680 | D:4      | Noticed an ogre
  4963 | D:4      | Found a basalt altar of Yredelemnul.
  4980 | D:4      | Noticed an ogre
  5246 | D:4      | Reached XP level 6. HP: 45/45 MP: 5/10
  5289 | D:4      | Learned a level 4 spell: Summon Ice Beast
  5495 | D:4      | Reached skill level 1 in Summonings
  5801 | D:4      | You fall through a shaft for 3 floors!
  5801 | D:7      | Noticed a sky beast
  5937 | D:6      | Reached XP level 7. HP: 50/51 MP: 9/12
  6068 | D:6      | Noticed Prince Ribbit
  6182 | D:6      | HP: 2/51 [black bear (6)]
  6597 | D:5      | Entered Level 5 of the Dungeon
  6943 | D:6      | Reached skill level 5 in Dodging
  6943 | D:6      | Reached skill level 5 in Ice Magic
  7187 | D:5      | Reached XP level 8. HP: 15/57 MP: 3/14
  7455 | D:4      | Noticed Blork the orc
  7463 | D:4      | Killed Blork the orc
  7852 | D:4      | Upgraded the game from 0.29-a0-118-g06d03a830b to
                  | 0.30-a0-55-g90e3122c3a
  7915 | D:4      | Noticed a moth of wrath
  7918 | D:4      | Found a bloodstained altar of Trog.
  7946 | D:4      | Quit the game

Illustrated notes

Levels and vault maps discovered:
D:1:      minmay_arrival_four_houses, item_on_display_a
D:2:      hangedman_glass_teeth
D:4:      cheibrodos_greedy_goblins, nicolae_overflow_crystal_walls, tgw_trog,
          first_bread, uniq_blork_the_orc
D:6:      kennysheep_mini, basic_altar, uniq_prince_ribbit1
D:7:      minmay_temple_entry_glassed_door

Skill      XL: |  1  2  3  4  5  6  7  8 |
---------------+-------------------------+-----
Dodging        | 3 4 5 |  5.1
Fighting       | 1 2 |  2.9
Stealth        | 3 |  3.1
Conjurations   | 1 2 |  2.2
Charms         | 1 2 3 |  0.0
Ice Magic      | 4 5 |  5.2
Spellcasting   | 3 4 |  4.0
Summonings     | 1 2 |  2.7
Polearms       | |  0.3

Action                   |  1- 3 |  4- 6 |  7- 9 || total
-------------------------+-------+-------+-------++-------
Melee: Unarmed           |     9 |       |       ||     9
       Dagger            |    22 |       |       ||    22
       Whip              |       |    23 |       ||    23
       Short sword       |       |    43 |    29 ||    72
       Trident           |       |       |    24 ||    24
 Cast: Freeze            |    59 |    56 |    37 ||   152
       Throw Frost       |     4 |     8 |     6 ||    18
       Ozocubu's Armour  |     3 |     2 |     2 ||     7
       Summon Ice Beast  |       |       |     3 ||     3
  Use: Scroll            |       |     2 |       ||     2
       Potion            |       |       |     2 ||     2
 Stab: Sleeping          |     1 |     5 |     2 ||     8
       Distracted        |       |     2 |       ||     2
  Eat: Removed food      |     7 |     9 |     7 ||    23
       Removed food      |       |     1 |       ||     1
Armor: Robe              |    11 |    10 |    12 ||    33
Dodge: Dodged            |    36 |    69 |    76 ||   181

Table legend: (Time is in decaauts)
 A = Elapsed time spent in this place.
 B = Non-inter-level travel time spent in this place.
 C = Inter-level travel time spent in this place.
 D = Time resting spent in this place.
 E = Time spent auto-exploring this place.
 F = Levels seen in this place.
 G = Mean time per level.
                   A        B        C        D        E       F      G
               +--------+--------+--------+--------+--------+-----+--------+
         Total |   2541 |   2450 |     91 |    195 |    148 |   7 |  363.0 |
       Dungeon |   2541 |   2450 |     91 |    195 |    148 |   7 |  363.0 |
               +--------+--------+--------+--------+--------+-----+--------+

Top non-repeatable levels by time:
     D:4: 158 daAuts
Note: time per level data comes from an upgraded game and may be incomplete.
